 Dungeon Crawl Stone Soup version 0.30-a0-711-gf4ac18a38d (webtiles) character file.

Game seed: 3192620309066337532

131 lesbiats the Conjurer (level 4, -2/36 HPs)
             Began as a Draconian Conjurer on Jan 20, 2023.
             Slain by Ijyb
             ... wielding a +7 club
              (6 damage)
             ... on level 4 of the Dungeon on Jan 22, 2023.
             The game lasted 00:10:10 (3866 turns).

lesbiats the Conjurer (Draconian Conjurer)          Turns: 3866, Time: 00:10:11

Health: -2/36      AC:  5    Str:  9    XL:     4   Next: 91%
Magic:  2/9        EV: 12    Int: 20    God:
Gold:   59         SH:  0    Dex: 10    Spells: 6/9 levels left

rFire   . . .      SeeInvis .    k - +0 club
rCold   + . .      Faith    .    (no shield)
rNeg    . . .      Spirit   .    (body armour unavailable)
rPois   +          Reflect  .    (helmet restricted)
rElec   .          Harm     .    (no cloak)
rCorr   .          Rampage  .    (no gloves)
Will    .....                    (no boots)
Stlth   ++                       (no amulet)
HPRegen 0.26/turn                h - ring of protection from cold
MPRegen 0.11/turn                l - ring of poison resistance

@: no status effects
A: AC +5, unfitting armour, cold-blooded
a: no special abilities


You were on level 4 of the Dungeon.
You visited 1 branch of the dungeon, and saw 4 of its levels.

You collected 129 gold pieces.
You spent 70 gold pieces at shops.

Inventory:

Hand Weapons
 k - a +0 club (weapon)
Missiles
 c - 2 atropa-tipped darts
 d - 6 poisoned darts
 y - a boomerang
Jewellery
 h - a ring of protection from cold (left hand)
 l - a ring of poison resistance (right hand)
 m - an amulet of guardian spirit
Wands
 v - a wand of roots (8)
 x - a wand of flame (26)
Scrolls
 a - a scroll of fog {unknown}
 b - a scroll of teleportation {unknown}
 f - a scroll of poison {unknown}
 i - a scroll of acquirement {unknown}
 j - 2 scrolls of identify {unknown}
 n - a scroll of magic mapping {unknown}
 t - a scroll of vulnerability {unknown}
 u - a scroll of butterflies {unknown}
 w - a scroll of enchant weapon {unknown}
 z - 2 scrolls of immolation {unknown}
Potions
 e - a potion of attraction {unknown}
 g - 3 potions of brilliance {unknown}
 o - 3 potions of curing
 p - a potion of might {unknown}
 q - a potion of heal wounds
 r - a potion of haste {unknown}
 s - 2 potions of berserk rage {unknown}


   Skills:
 + Level 2.1 Fighting
 + Level 2.5 Dodging
 - Level 1.7 Stealth
 * Level 3.3 Spellcasting
 + Level 4.5 Conjurations


You had 6 spell levels left.
You knew the following spells:

 Your Spells              Type           Power      Damage    Failure   Level
a - Magic Dart            Conj           84%        1d7       2%          1
b - Searing Ray           Conj           42%        2d6       3%          2

Your spell library contained the following spells:

 Spells                   Type           Power      Damage    Failure   Level
 Dazzling Flash           Conj/Hex       24%        N/A       16%         3
 Fulminant Prism          Conj/Hex       6%         3d7       47%         4
 Iskenderun's Mystic Bla  Conj/Tloc      12%        2d5       47%         4


Dungeon Overview and Level Annotations

Branches:
Dungeon (4/15)
 Temple: D:4-7

Altars:
Ru
Zin

Shops:
D:1 !

Annotations:
D:4 Ijyb


Innate Abilities, Weirdness & Mutations

Your plain brown scales are hard. (AC +5)
You cannot fit into any form of body armour.
You are cold-blooded and may be slowed by cold attacks.


Message History

Ijyb screams, "Level is mine!
All mine!"
Ijyb zaps a wand.
You suddenly lose the ability to move!
Ijyb zaps a wand.
You shrug off the repeated paralysis!
Ijyb zaps a wand.
You shrug off the repeated paralysis!
Ijyb zaps a wand.
You resist with some effort.
You can move again.
Aiming: Magic Dart (safe; 2% risk of failure)
Press: ? - help, Q - select action, (/) - cycle Shift-Dir - straight line, f/p - Ijyb
Aim: Ijyb, wielding a +7 club, wearing a +0 ring mail and carrying a wand of paralysis (5) (heavily wounded, 100% to hit)
The magic dart hits Ijyb but does no damage.
Ijyb is heavily wounded.
Aiming: Magic Dart (safe; 2% risk of failure)
Press: ? - help, Q - select action, (/) - cycle Shift-Dir - straight line, f/p - Ijyb
Aim: Ijyb, wielding a +7 club, wearing a +0 ring mail and carrying a wand of paralysis (5) (heavily wounded, 100% to hit)
The magic dart hits Ijyb but does no damage.
Ijyb is heavily wounded.
You hit Ijyb but do no damage. You tail-slap Ijyb.
Ijyb is severely wounded.
Ijyb hits you with a +7 club.
You closely miss Ijyb.
Ijyb is severely wounded.
Ijyb closely misses you.
You hit Ijyb but do no damage.
Ijyb is severely wounded.
Ijyb closely misses you.
You barely miss Ijyb.
Ijyb is severely wounded.
Ijyb hits you with a +7 club! Ijyb hits you with a +7 club.
You closely miss Ijyb.
Ijyb is severely wounded.
Ijyb hits you with a +7 club!
You hit Ijyb but do no damage.
Your tail-slap misses Ijyb.
Ijyb is severely wounded.
Ijyb zaps a wand.
You resist with some effort.
You closely miss Ijyb.
Your tail-slap misses Ijyb.
Ijyb is severely wounded.
Ijyb hits you with a +7 club!
* * * LOW HITPOINT WARNING * * *
Ijyb hits you with a +7 club.
You die...

.# #.≈ # #.≈. .#
#.≈.### ≈.# .# ...
#.≈....####.≈.# .#
..)
#.≈≈≈≈≈.....≈.# .#
...
#......≈≈≈≈≈≈.#
.##.#
#.#######@g.....#
.....
#........########
#.#.# ###.......#
..#.# #######.#
....#### ######.#
.##...(# #......#
.##.##.####.######
............#
###.##.######


You could see Ijyb.

Vanquished Creatures
  Jessica (D:2)
  2 adders (D:3)
  A worm (D:3)
  3 dart slugs
  16 orcs (D:3)
  5 ball pythons
  5 bats
  4 endoplasms
  2 giant cockroaches (D:3)
  3 goblins
  A hobgoblin (D:2)
  4 jackals (D:1)
  3 kobolds
  3 quokkas
  A frilled lizard (D:1)
  2 rats
56 creatures vanquished.

Vanquished Creatures (others)
  2 demonic plants (D:1)
  7 plants
9 creatures vanquished.

Grand Total: 65 creatures vanquished

Notes
Turn   | Place    | Note
-------+----------+-------------------------------------------
     0 | D:1      | lesbiats the Draconian Conjurer began the quest for the
                  | Orb.
     0 | D:1      | Reached XP level 1. HP: 14/14 MP: 3/3
   112 | D:1      | Found Qinuam's Distillery.
   236 | D:1      | Reached XP level 2. HP: 22/22 MP: 0/5
   578 | D:1      | Found a faded altar of an unknown god.
  1058 | D:2      | Reached skill level 1 in Fighting
  1285 | D:2      | Noticed Jessica
  1289 | D:2      | Learned a level 2 spell: Searing Ray
  1300 | D:2      | Killed Jessica
  1301 | D:2      | Reached XP level 3. HP: 8/28 MP: 2/7
  1473 | D:1      | Bought a potion of heal wounds for 70 gold pieces
  1770 | D:2      | Identified the +8 plate armour of Fanaticism {rF+ Stlth+}
  2217 | D:3      | Reached XP level 4. HP: 23/35 MP: 0/8
  2692 | D:3      | Found a sacrificial altar of Ru.
  3183 | D:3      | Upgraded the game from 0.30-a0-691-g754fce4c43 to
                  | 0.30-a0-711-gf4ac18a38d
  3704 | D:4      | Found a glowing silver altar of Zin.
  3845 | D:4      | Noticed Ijyb
  3854 | D:4      | Paralysed by Ijyb for 4 turns
  3866 | D:4      | Slain by Ijyb

Illustrated notes

Levels and vault maps discovered:
D:1:      nzn_arrival_depleted_hourglass, layout_basic, serial_shops,
          shop_fountains, shapermc_ecumenical_altar_gd,
          chequers_serial_rivers_room_b
D:2:      layout_loops_ring, uniq_jessica
D:3:      layout_basic, hangedman_ru_absence, serial_bayou_pond_c,
          minmay_misc_feat_x, chequers_serial_rivers_small_b,
          dreamdust_princess_corridor
D:4:      minmay_diamond_boxcup, layout_loops_cross, overflow_temple_1_default,
          nicolae_overflow_squiral, uniq_ijyb, uniq_sigmund,
          uniq_crazy_yiuf_cottage

Skill      XL: |  1  2  3  4 |
---------------+-------------+-----
Dodging        | 2 |  2.5
Fighting       | 1 2 |  2.1
Spellcasting   | 3 |  3.3
Stealth        | |  1.7
Conjurations   | |  4.5

Action                     |  1- 3 |  4- 6 || total
---------------------------+-------+-------++-------
  Melee: Unarmed           |    22 |       ||    22
         Tailslap          |     2 |     6 ||     8
         Club              |       |    38 ||    38
   Cast: Magic Dart        |    49 |    61 ||   110
         Searing Ray       |     4 |     2 ||     6
    Use: Potion            |     1 |       ||     1
 Armour: Skin              |     8 |     9 ||    17
  Dodge: Dodged            |    35 |    32 ||    67

Table legend: (Time is in decaauts)
 A = Elapsed time spent in this place.
 B = Non-inter-level travel time spent in this place.
 C = Inter-level travel time spent in this place.
 D = Time resting spent in this place.
 E = Time spent auto-exploring this place.
 F = Levels seen in this place.
 G = Mean time per level.
                   A        B        C        D        E       F      G
               +--------+--------+--------+--------+--------+-----+--------+
         Total |   3884 |   3484 |    400 |    559 |   2432 |   4 |  971.0 |
       Dungeon |   3884 |   3484 |    400 |    559 |   2432 |   4 |  971.0 |
               +--------+--------+--------+--------+--------+-----+--------+

Top non-repeatable levels by time:
     D:3: 1503 daAuts
     D:2: 1214 daAuts
     D:1: 966 daAuts
     D:4: 200 daAuts
